 Dungeon Sprint DCSS version 0.19.5 (webtiles) character file.

6868 equalderp2856 the Ripper (level 10, -1/49 HPs)
             Began as a Felid Fighter on Mar 1, 2017.
             Was the Champion of Kikubaaqudgha.
             Slain by a yaktaur captain (23 damage)
             ... in the Dungeon (Sprint VII: "The Pits").
             The game lasted 00:24:19 (5526 turns).

equalderp2856 the Ripper (Felid Fighter)            Turns: 5526, Time: 00:24:19

Health: -1/49      AC:  2    Str: 13    XL:     10   Next: 78%
Magic:  19/21      EV: 34    Int: 14    God:    Kikubaaqudgha [******]
Gold:   13         SH:  0    Dex: 20    Spells: 3 memorised, 16 levels left
                                        Lives:  0   Deaths: 3

rFire  . . .     SeeInvis +       - Unarmed
rCold  . . .     Gourm    .     (armour unavailable)
rNeg   . . .     Faith    .     (shield unavailable)
rPois  .         Spirit   .     (helmet unavailable)
rElec  .         Reflect  .     (cloak unavailable)
rCorr  .         Harm     .     (gloves unavailable)
MR     +....     NoTele   +     (boots unavailable)
Stlth  ++++++....               (no amulet)
                                l - +3 ring of intelligence
                                k - +3 ring of dexterity

@: quick
A: no armour, no weapons or thrown items, stealth, claws 1, fangs 3, see
invisible, carnivore 3, speed 1, shaggy fur 2, slow metabolism 1, sharp paws
a: Receive Corpses, Torment, Renounce Religion


You were in the Dungeon.
You worshipped Kikubaaqudgha.
Kikubaaqudgha was exalted by your worship.
You were not hungry.

You visited 1 branch You collected 13 gold pieces.

Inventory:

Jewellery
 k - a +3 ring of dexterity (left paw)
 l - a +3 ring of intelligence (right paw)
 x - an uncursed ring of fire
 z - an uncursed ring of protection from fire
Scrolls
 o - 5 scrolls of remove curse
 p - 5 scrolls of amnesia
 q - a scroll of summoning
 s - 3 scrolls of fear
 v - a scroll of fog
 y - 2 scrolls of identify
Potions
 a - a potion of might
 d - 8 potions of curing
 e - a potion of haste
 f - 7 potions of magic
 g - 4 potions of berserk rage
 i - 3 potions of heal wounds
 m - 4 potions of resistance
 n - 2 potions of invisibility
 t - a potion of cure mutation
 u - a potion of agility
 w - a potion of brilliance
Books
 c - Kikubaaqudgha's Compendium of Black Secrets
   (Kikubaaqudgha gifted it to you in the Dungeon)

   Spells                             Type                      Level
   a - Pain                           Necromancy                   1
   b - Corpse Rot                     Necromancy                   2
   c - Sublimation of Blood           Necromancy                   2
   d - Vampiric Draining              Necromancy                   3
   e - Control Undead                 Necromancy                   4
 j - Kikubaaqudgha's Almanac of Dark Rites
   (Kikubaaqudgha gifted it to you in the Dungeon)

   Spells                             Type                      Level
   a - Bolt of Draining               Conjuration/Necromancy       5
   b - Agony                          Necromancy                   5
   c - Cigotuvi's Embrace             Necromancy                   5
   d - Dispel Undead                  Necromancy                   5
   e - Death Channel                  Necromancy                   6
 r - a Necronomicon

   Spells                             Type                      Level
   a - Haunt                          Necromancy/Summoning         7
   b - Borgnjor's Revivification      Necromancy                   8
   c - Death's Door                   Charms/Necromancy            8
   d - Infestation                    Necromancy                   8
   e - Necromutation                  Transmutation/Necromancy     8
Comestibles
 b - 7 meat rations


   Skills:
 - Level 9.0 Fighting
 - Level 17.1 Dodging
 - Level 12.2 Stealth
 - Level 20.8 Unarmed Combat
 + Level 7.0 Spellcasting
 + Level 7.7 Necromancy


You had 16 spell levels left.
You knew the following spells:

 Your Spells              Type           Power        Failure   Level  Hunger
a - Pain                  Necr           ####         1%          1    None
b - Corpse Rot            Necr           N/A          1%          2    #......
c - Control Undead        Necr           ####......   10%         4    ####...


Dungeon Overview and Level Annotations

Branches:
Dungeon (1/1)

Altars:
Ashenzari
Cheibriados
Dithmenos
Elyvilon
Fedhas
Gozag
Hepliaklqana
Kikubaaqudgha
Makhleb
Nemelex Xobeh
Okawaru
Qazlal
Ru
Sif Muna
Trog
Uskayaw
Vehumet
Xom
Yredelemnul
Zin
The Shining One
Beogh
Jiyva
Lugonu


Innate Abilities, Weirdness & Mutations

You cannot wear armour.
You are incapable of wielding weapons or throwing items.
Your paws allow you to move quietly. (Stealth)
You have sharp claws.
You have razor-sharp teeth.
You have supernaturally acute eyesight. (SInv)
You are carnivorous and can eat meat at any time.
You cover ground quickly.
You are covered in thick fur. (AC +2)
You have a slow metabolism.
Your sharp claws are effective at attacking unaware monsters.


Message History

You bite the yaktaur captain, but do no damage.
The yaktaur captain is severely wounded.
The yaktaur captain hits you!
A yaktaur comes into view.
You mangle the yaktaur captain!!
You kill the yaktaur captain!
Kikubaaqudgha accepts your kill.
Your Spellcasting skill increases to level 7!
Your Necromancy skill increases to level 7!
The yaktaur captain misses you.
A yaktaur comes into view.
A deep elf knight comes into view. It is wielding a long sword.
The soul eater draws from the surrounding life force!
Things that are here:
an arbalest; 14 bolts; a yaktaur corpse Unknown command.
You scratch the yaktaur captain but do no damage.
The yaktaur captain hits you!!
You die...
Kikubaaqudgha rasps: "You have failed me!
Welcome... death!"

#.†#)))# #..#)#)# ####
#..#)))# #..# #..##.## #..#
#..#)))# '..# #..#)#)#
'..##########..#)))#
#...)..........#)###e#.#
#..............#@c3ccc.#
########################
##########################
#........)##[...['...'...#
#.......# #!)[(!##.##..}#
####...###########...#####
##..'...)..##..##.......##
....##'##.....##.........##
..t##...##)...#...........#


You could see a yaktaur captain, a soul eater, a deep elf knight and 3 yaktaurs.

Vanquished Creatures
  Ilsuiw (D)
  A merfolk impaler (D)
  Josephine (D)
  A yaktaur captain (D)
  A vault guard (D)
  A flayed ghost (D)
  A deep troll (D)
  A hill giant (D)
  An orc sorcerer (D)
  3 deep elf magi (D)
  A black mamba (D)
  2 sirens (D)
  A molten gargoyle (D)
  A gargoyle (D)
  A smoke demon (D)
  A spiny frog (D)
  2 yaktaurs (D)
  A hellwing (D)
  2 komodo dragons (D)
  An ice devil (D)
  2 jumping spiders (D)
  A guardian mummy (D)
  2 merfolk (D)
  A hippogriff (D)
  2 redbacks (D)
  4 wraiths (D)
  A wyvern (D)
  A fire bat (D)
  Grum (D)
  4 hell hounds (D)
  A floating eye (D)
  An ice beast (D)
  4 wolves (D)
  A small abomination (D)
  2 scorpions (D)
  2 crimson imps (D)
  A hound (D)
  5 orc priests (D)
  A gnoll shaman (D)
  An iguana (D)
  2 worker ants (D)
  4 gnolls (D)
  3 adders (D)
  2 river rats (D)
  A white imp (D)
  2 ufetubi (D)
  3 oozes (D)
  An adder skeleton (D)
  A leopard gecko (D)
  8 orcs (D)
  A giant cockroach (D)
  A hobgoblin (D)
  A jackal (D)
  A quokka (D)
  A bat (D)
  A jackal zombie (D)
  A kobold (D)
97 creatures vanquished.

Notes
Turn   | Place    | Note
-------+----------+-------------------------------------------
     0 | D        | equalderp2856 the Felid Fighter began the quest for the Orb.
     0 | D        | Reached XP level 1. HP: 10/10 MP: 2/2
    14 | D        | Reached skill level 5 in Unarmed Combat
    14 | D        | Reached XP level 2. HP: 15/15 MP: 3/3
    28 | D        | Found a radiant altar of Vehumet.
    28 | D        | Found a hide-covered altar of Uskayaw.
    28 | D        | Found an ancient bone altar of Kikubaaqudgha.
    28 | D        | Found a viscous altar of Jiyva.
    28 | D        | Found a hazy altar of Hepliaklqana.
    29 | D        | Found a bloodstained altar of Trog.
    29 | D        | Found a deep blue altar of Sif Muna.
    29 | D        | Found a sacrificial altar of Ru.
    29 | D        | Found a stormy altar of Qazlal.
    29 | D        | Found an iron altar of Okawaru.
    29 | D        | Found a sparkling altar of Nemelex Xobeh.
    29 | D        | Found an opulent altar of Gozag.
    29 | D        | Found a blossoming altar of Fedhas.
    29 | D        | Found a white marble altar of Elyvilon.
    29 | D        | Found a shadowy altar of Dithmenos.
    29 | D        | Found a snail-covered altar of Cheibriados.
    30 | D        | Found a glowing golden altar of the Shining One.
    30 | D        | Found a glowing silver altar of Zin.
    31 | D        | Found a burning altar of Makhleb.
    31 | D        | Found a basalt altar of Yredelemnul.
    31 | D        | Found a roughly hewn altar of Beogh.
    32 | D        | Found a corrupted altar of Lugonu.
    32 | D        | Found a shimmering altar of Xom.
    32 | D        | Found a shattered altar of Ashenzari.
    48 | D        | Became a worshipper of Kikubaaqudgha
    79 | D        | Reached skill level 5 in Dodging
    79 | D        | Reached skill level 1 in Stealth
    79 | D        | Reached skill level 6 in Unarmed Combat
    79 | D        | Reached XP level 3. HP: 11/18 MP: 4/4
   196 | D        | Noticed a floating eye
   198 | D        | Killed a floating eye
   198 | D        | Reached * piety under Kikubaaqudgha
   198 | D        | Identified Kikubaaqudgha's Compendium of Black Secrets (Kikubaaqudgha gifted it to you in the Dungeon)
   198 | D        | Received a gift from Kikubaaqudgha
   198 | D        | Reached skill level 5 in Fighting
   198 | D        | Reached skill level 8 in Unarmed Combat
   198 | D        | Reached XP level 4. HP: 23/23 MP: 5/5
   210 | D        | Reached XP level 5. HP: 20/27 MP: 6/6
   535 | D        | Reached ** piety under Kikubaaqudgha
   535 | D        | Reached skill level 9 in Unarmed Combat
   609 | D        | Reached *** piety under Kikubaaqudgha
   609 | D        | Identified Kikubaaqudgha's Almanac of Dark Rites (Kikubaaqudgha gifted it to you in the Dungeon)
   609 | D        | Received a gift from Kikubaaqudgha
   631 | D        | Reached **** piety under Kikubaaqudgha
   687 | D        | Reached skill level 10 in Unarmed Combat
   687 | D        | Gained mutation: You are covered in thick fur. (AC +2) [Felid growth]
   687 | D        | Reached XP level 6. HP: 24/31 MP: 7/7
   762 | D        | Noticed a guardian mummy
   764 | D        | Killed a guardian mummy
   764 | D        | Reached ***** piety under Kikubaaqudgha
   764 | D        | Reached skill level 11 in Unarmed Combat
   764 | D        | Reached XP level 7. HP: 35/35 MP: 8/8
   888 | D        | Noticed a fire bat
   904 | D        | Killed a fire bat
   904 | D        | Reached skill level 10 in Dodging
   904 | D        | Reached skill level 12 in Unarmed Combat
   963 | D        | Noticed a deep elf mage
   989 | D        | Noticed a fire elemental
   989 | D        | Noticed a fire elemental
   989 | D        | Killed a deep elf mage
   989 | D        | Reached skill level 13 in Unarmed Combat
   989 | D        | Reached XP level 8. HP: 36/39 MP: 9/9
  1141 | D        | Reached ****** piety under Kikubaaqudgha
  1255 | D        | Received a gift from Kikubaaqudgha
  1265 | D        | Learned a level 1 spell: Pain
  1269 | D        | Learned a level 2 spell: Corpse Rot
  1274 | D        | Learned a level 4 spell: Control Undead
  1283 | D        | Noticed a flayed ghost
  1283 | D        | Noticed Grum
  1283 | D        | Noticed a smoke demon
  1308 | D        | Reached skill level 14 in Unarmed Combat
  1423 | D        | Killed a smoke demon
  1434 | D        | Noticed a tyrant leech
  1522 | D        | Killed Grum
  1522 | D        | Reached skill level 15 in Unarmed Combat
  1634 | D        | Noticed a jumping spider
  1635 | D        | Noticed a deep elf mage
  1663 | D        | Noticed a black mamba
  1665 | D        | Noticed a spiny frog
  1670 | D        | Killed a deep elf mage
  1670 | D        | Reached skill level 1 in Spellcasting
  1670 | D        | Reached skill level 1 in Necromancy
  1670 | D        | Reached XP level 9. HP: 37/43 MP: 9/11
  1685 | D        | Killed a jumping spider
  1685 | D        | Reached skill level 10 in Stealth
  1698 | D        | Killed a flayed ghost
  1698 | D        | Reached skill level 16 in Unarmed Combat
  1839 | D        | Killed a black mamba
  1861 | D        | Killed a spiny frog
  1861 | D        | Reached skill level 17 in Unarmed Combat
  1975 | D        | Noticed an ice devil
  1975 | D        | Noticed a merfolk
  1976 | D        | Noticed a merfolk
  1977 | D        | Noticed a siren
  1977 | D        | Noticed a siren
  1977 | D        | Noticed a merfolk impaler
  1978 | D        | Noticed a gargoyle
  1979 | D        | Noticed a molten gargoyle
  1981 | D        | Noticed Ilsuiw
  1984 | D        | Killed a molten gargoyle
  1984 | D        | Reached XP level 10. HP: 48/48 MP: 13/13
  2213 | D        | Slain by a merfolk impaler
  2214 | D        | Reached XP level 9. HP: 0/44 MP: 13/13
  2224 | D        | Mangled by a water elemental
  2225 | D        | Reached XP level 8. HP: -10/40 MP: 12/12
  2271 | D        | Killed a merfolk
  2300 | D        | Killed an ice devil
  2596 | D        | Killed Ilsuiw
  2596 | D        | Reached skill level 15 in Dodging
  2596 | D        | Reached skill level 18 in Unarmed Combat
  2596 | D        | Reached XP level 9. HP: 44/44 MP: 13/13
  2599 | D        | Killed a siren
  2609 | D        | Killed a merfolk impaler
  2609 | D        | Reached skill level 19 in Unarmed Combat
  2609 | D        | Reached XP level 10. HP: 39/49 MP: 14/14
  2617 | D        | Killed a siren
  2651 | D        | Killed a gargoyle
  3118 | D        | Noticed a hill giant
  3369 | D        | Killed a hill giant
  4094 | D        | Noticed an orc sorcerer
  4153 | D        | Killed an orc sorcerer
  4153 | D        | Reached skill level 20 in Unarmed Combat
  4389 | D        | Noticed a deep elf mage
  4390 | D        | Noticed a deep troll
  4400 | D        | Killed a deep troll
  4400 | D        | Reached XP level 11. HP: 45/52 MP: 15/17
  4405 | D        | Killed a deep elf mage
  4788 | D        | Noticed Josephine
  4935 | D        | Killed Josephine
  4948 | D        | Noticed a vampire knight
  5004 | D        | Reached skill level 5 in Necromancy
  5040 | D        | Reached skill level 5 in Spellcasting
  5494 | D        | Paralysed by a vampire knight for 7 turns
  5497 | D        | Annihilated by a vampire knight
  5498 | D        | Reached XP level 10. HP: -35/49 MP: 10/18
  5508 | D        | Noticed a vault guard
  5514 | D        | Killed a vault guard
  5520 | D        | Noticed a yaktaur captain
  5520 | D        | Noticed a yaktaur captain
  5521 | D        | Noticed a soul eater
  5524 | D        | Killed a yaktaur captain
  5525 | D        | Noticed a deep elf knight
  5526 | D        | Slain by a yaktaur captain

Skill      XL: |  1  2  3  4  5  6  7  8  9 10 11 |
---------------+----------------------------------+-----
Unarmed Combat | 5 6 8 10 11 13 18 19 20 | 20.8
Fighting       | 4 5 6 7 8 9 |  9.0
Dodging        | 5 6 8 9 10 15 13 16 17 | 17.1
Stealth        | 1 2 4 6 8 11 10 12 | 12.2
Spellcasting   | 1 7 5 |  7.0
Necromancy     | 1 2 7 5 |  7.7

Action                   |  1- 3 |  4- 6 |  7- 9 | 10-12 || total
-------------------------+-------+-------+-------+-------++-------
Melee: Unarmed           |    12 |    44 |   145 |   208 ||   409
       Bite              |     3 |     4 |    18 |    34 ||    59
       Punch             |     1 |     2 |    10 |    15 ||    28
 Cast: Pain              |       |       |     2 |    17 ||    19
       Control Undead    |       |       |       |     4 ||     4
       Corpse Rot        |       |       |       |     2 ||     2
Invok: Receive Necronomi |       |       |     1 |       ||     1
  Use: Potion            |     1 |     1 |     7 |     7 ||    16
       Scroll            |       |       |       |     1 ||     1
 Stab: Sleeping          |     2 |     2 |     1 |     3 ||     8
       Distracted        |       |       |     1 |       ||     1
  Eat: Meat ration       |       |       |     1 |     1 ||     2
       Chunk             |       |       |     1 |       ||     1
Armor: Skin              |     1 |     3 |     5 |     1 ||    10
Dodge: Dodged            |     7 |    28 |   159 |   198 ||   392
